Map: [TLMC19] Sulfur

Players

DKZDark (Dark) - Winner!

  • Race: Zerg Zerg
  • League: Master
  • Spawn Location: 7:00

DKZherO (herO)

  • Race: Protoss Protoss
  • League: Master
  • Spawn Location: 1:00

VOD

Have the link to the VOD?

Description

Time

  • Played on: Dec. 23, 2023, 8:22 a.m.
  • Length: 11:28
Show
View Real Time Build Order
Export as new Build Order

DKZDark Zerg - Winner!

Build Orders: Hatch First 

Get SALT Encoding   

  12  0:00  Drone  
  13  0:12  Overlord  
  13  0:17  Drone  
  14  0:31  Drone x2  
  16  0:52  Drone  
  16  0:56  Hatchery, Drone  
  17  1:00  Drone  
  18  1:09  Extractor  
  17  1:15  Spawning Pool  
  16  1:18  Drone  
  16  1:23  Drone  
  18  1:30  Drone  
  19  1:41  Drone  
  20  1:49  Overlord  
  20  2:03  Zergling x2  
  20  2:07  Queen  
  20  2:08  Queen  
  23  2:13  Metabolic Boost  
  25  2:16  Zergling x2  
  26  2:23  Zergling x6  
  29  2:32  Zergling x2  
  30  2:40  Overlord  
  30  2:49  Queen  
  31  2:56  Drone x4  
  35  3:04  Drone  
  35  3:08  Drone  
  36  3:13  Drone  
  36  3:17  Drone  
  37  3:24  Zergling x6  
  40  3:28  Drone  
  40  3:30  Drone x2  
  41  3:35  Queen  
  41  3:36  Drone  
  41  3:40  Zergling x2  
  44  3:42  Hatchery  
  42  3:48  Overlord  
  42  3:50  Overlord  
  42  3:59  Overlord  
  42  4:02  Queen, Evolution Chamber  
  43  4:05  Zergling x2  
  42  4:11  Zergling x2  
  42  4:15  Zergling x2  
  42  4:16  Zergling x6  
  42  4:18  Drone x2  
  42  4:20  Drone  
  42  4:22  Drone, Queen  
  48  4:24  Drone  
  49  4:38  Zergling x4  
  51  4:39  Zerg Melee Weapons Level 1  
  51  4:43  Queen  
  53  4:48  Drone x2  
  53  4:49  Drone  
  56  4:53  Zergling x4  
  56  4:55  Drone  
  56  4:58  Queen  
  60  5:03  Drone x4  
  63  5:08  Zergling x4  
  65  5:18  Drone, Extractor  
  65  5:19  Drone, Baneling Nest  
  64  5:21  Drone x2  
  64  5:22  Drone  
  66  5:28  Spore Crawler  
  66  5:35  Drone x3  
  69  5:42  Zergling x10  
  74  5:43  Overlord  
  74  5:49  Overlord  
  74  5:50  Overlord  
  74  5:54  Zergling x2  
  72  6:03  Zergling x20  
  79  6:08  Zergling x2  
  80  6:14  Zergling x4  
  81  6:22  Zergling x8  
  81  6:29  Zergling x4  
  74  6:33  Zergling x2  
  74  6:35  Zergling x4  
  77  6:41  Baneling x18  
  77  6:42  Zergling x4  
  77  6:45  Zergling x4  
  81  6:47  Zergling x4  
  80  6:55  Zergling x4  
  80  6:58  Zergling x2  
  80  6:59  Zergling x4  
  85  7:03  Zergling x2  
  81  7:15  Zergling x12  
  81  7:16  Queen  
  81  7:18  Queen x2  
  81  7:21  Zergling x2  
  81  7:22  Zergling x4  
  84  7:28  Zergling x6  
  81  7:33  Zergling x4  
  75  7:45  Zergling x10  
  75  7:50  Drone  
  77  7:52  Queen  
  77  7:55  Zergling x4  
  80  7:59  Baneling x11  
  80  8:00  Baneling x3  
  80  8:02  Zergling x2  
  81  8:10  Zergling x2  
  83  8:12  Zergling x2  
  83  8:18  Zergling x6  
  85  8:22  Zergling x2  
  85  8:23  Zergling x10  
  86  8:33  Zergling x10  
  82  8:37  Zergling x4  
  82  8:38  Queen  
  82  8:44  Zergling x2  
  82  8:54  Zergling x10  
  80  8:56  Zergling x4  
  80  8:57  Zergling x4  
  80  8:59  Drone  
  80  9:01  Zergling x4  
  87  9:07  Zergling x4  
  88  9:13  Zerg Ground Armor Level 1  
  88  9:15  Zergling x2  
  88  9:16  Zergling x2  
  88  9:27  Lair  
  88  9:30  Roach Warren  
  88  9:31  Drone  
  85  9:32  Drone  
  85  9:34  Drone  
  85  9:36  Drone  
  88  9:38  Drone  
  88  9:43  Drone x2  
  88  9:44  Drone  
  92  9:45  Drone  
  92  9:50  Drone x2  
  92  9:52  Drone  
  96  9:55  Spore Crawler  
  95  10:02  Drone  
  95  10:03  Drone x2  
  95  10:08  Overlord x2  
  95  10:13  Overlord  
  95  10:19  Extractor  
  94  10:22  Roach  
  94  10:24  Baneling x6  
  94  10:25  Baneling x5  
  94  10:26  Baneling x2  
  96  10:32  Roach  
  96  10:33  Roach  
  100  10:36  Roach  
  100  10:37  Roach x2  
  100  10:41  Roach x2  
  110  10:45  Roach x2  
  113  10:54  Roach x4  
  119  11:01  Roach  
  119  11:02  Zergling x2  
  119  11:03  Zergling x2, Extractor  
  122  11:04  Overlord  
  122  11:10  Overlord  
Show
View Real Time Build Order
Export as new Build Order

DKZherO Protoss 

Build Orders: 1 Gate Expand, Colossus Rush 

Get SALT Encoding   

  12  0:00  Probe  
  13  0:13  Pylon  
  13  0:17  Probe (Chrono Boost)  
  15  0:28  Probe (Chrono Boost)  
  15  0:33  Probe (Chrono Boost)  
  16  0:38  Gateway  
  16  0:44  Probe  
  16  0:47  Assimilator  
  17  0:56  Probe  
  18  1:08  Probe  
  19  1:20  Probe  
  19  1:25  Cybernetics Core  
  20  1:34  Nexus  
  20  1:42  Pylon  
  20  1:43  Probe  
  21  1:48  Assimilator  
  21  1:55  Probe  
  21  1:58  Adept (Chrono Boost)  
  24  2:07  Probe  
  25  2:16  Robotics Facility  
  25  2:18  Adept (Chrono Boost)  
  25  2:19  Probe  
  28  2:28  Warp Gate  
  28  2:31  Probe  
  29  2:41  Adept  
  31  2:47  Probe x2  
  33  2:59  Probe x2  
  33  3:01  Warp Prism (Chrono Boost)  
  36  3:17  Probe x2  
  38  3:29  Probe x2  
  38  3:32  Immortal (Chrono Boost)  
  42  3:42  Pylon  
  42  3:43  Probe x2  
  44  3:49  Robotics Bay  
  44  3:55  Probe x2  
  45  4:01  Pylon  
  46  4:07  Probe x2  
  44  4:20  Zealot  
  44  4:21  Probe  
  44  4:22  Probe  
  48  4:25  Gateway  
  48  4:29  Gravitic Drive  
  48  4:35  Disruptor (Chrono Boost)  
  48  4:36  Probe x2  
  50  4:41  Assimilator  
  50  4:43  Assimilator  
  50  4:44  Adept  
  56  4:47  Pylon  
  56  4:50  Probe x2  
  58  4:53  Pylon  
  58  5:01  Disruptor (Chrono Boost)  
  58  5:06  Probe x2  
  64  5:08  Stalker  
  66  5:19  Stargate  
  66  5:21  Pylon  
  66  5:22  Zealot  
  66  5:23  Probe, Pylon  
  67  5:34  Zealot, Stargate  
  67  5:43  Colossus (Chrono Boost)  
  67  5:47  Pylon  
  71  6:04  Zealot x2  
  69  6:07  Probe x2  
  69  6:11  Phoenix  
  74  6:13  Shield Battery  
  74  6:22  Colossus (Chrono Boost)  
  75  6:31  Zealot x2  
  81  6:36  Phoenix (Chrono Boost)  
  85  6:41  Nexus  
  85  6:44  Pylon, Phoenix (Chrono Boost)  
  83  6:47  Probe x2  
  85  6:55  Phoenix (Chrono Boost)  
  85  6:59  Forge  
  87  7:05  Probe x2  
  89  7:09  Phoenix (Chrono Boost)  
  89  7:10  Zealot x2  
  73  7:17  Observer  
  73  7:22  Probe x2  
  63  7:37  Zealot  
  59  7:39  Zealot  
  54  7:57  Colossus (Chrono Boost)  
  54  8:05  Zealot  
  62  8:16  Gateway  
  53  8:36  Zealot  
  53  8:40  Warp Prism (Chrono Boost)  
  49  9:07  Pylon  
  43  9:16  Colossus (Chrono Boost)  
  42  9:23  Zealot  
  50  9:30  Gateway  
  50  9:36  Gateway  
  48  9:51  Zealot x2  
  52  10:00  Observer  
  52  10:07  Disruptor (Chrono Boost)  
  52  10:12  Zealot x2  
  60  10:23  Pylon  
  60  10:33  Zealot x3  
  64  11:01  Zealot x4  
Tags
 
Add a new tag
Caveats
  • Supply blocks, unpowered buildings, or Contaminate may cause inaccurate times.
  • Supply counts are checked every 10 seconds.